AoeStats
← MZTK | KaLiuM

Arena

509808175Analyzed
4v4 RM · 4d ago on Sep 28, 2026· 31m 24s· 8 players
Game mode
Random Map
Map size
Large (8 player)
Population
200
Speed
Normal
Resources
Standard
Victory
Conquest
Starting age
Dark Age
Ending age
Imperial Age
RankedLock teamsTeams togetherTeam positionsShared explorationLock speedFull tech treeHidden civsTurbo modeCheats
Victory
Defeat
🇦🇷 Cumans · Argentina
1505
+14
🇨🇴 Wu · Colombia
1458
+15
🇦🇷 Vietnamese · Argentina
1326
+21
🇨🇴 Khmer · Colombia
1108
+28
🇨🇳 Poles · China
1538
-23
🇨🇴 Britons · Colombia
1504
-22
🇦🇷 Sicilians · Argentina
1403
-19
🇫🇷 Bohemians · France
1302
-14
Cryptomage
11:08 Feudal Age
9:24 Loom
15:48 Castle Age
14:43 Horse Collar
16:50 Fletching
16:55 Double-Bit Axe
18:40 Bow Saw
24:25 Heavy Plow
30:18 Imperial Age
29:19 Chemistry
cuba
11:09 Feudal Age
14:50 Castle Age
12:51 Horse Collar
13:56 Double-Bit Axe
15:50 Bow Saw
21:05 Town Watch
21:56 Wheelbarrow
21:07 Loom
26:41 Fletching
26:51 Padded Archer Armor
27:00 Elite Skirmisher
28:43 Ballistics
28:52 Leather Archer Armor
MZTK | KaLiuM
9:49 Feudal Age
14:21 Castle Age
12:40 Double-Bit Axe
14:15 Loom
27:12 Horse Collar
29:44 Bow Saw
我是你巴巴
10:58 Feudal Age
14:34 Castle Age
12:18 Horse Collar
12:56 Double-Bit Axe
15:29 Heavy Plow
15:48 Bow Saw
21:34 Wheelbarrow
21:55 Szlachta Privileges
22:20 Bloodlines
23:24 Scale Barding Armor
24:14 Husbandry
25:21 Chain Barding Armor
26:45 Town Watch
27:16 Hand Cart
28:06 Forging
TVHG.LALO_CAESTA
8:59 Feudal Age
11:14 Double-Bit Axe
15:12 Wheelbarrow
15:24 Horse Collar
18:19 Castle Age
19:41 Bow Saw
23:29 Imperial Age
21:06 Gold Mining
22:23 Fletching
22:38 Padded Archer Armor
22:37 Stone Mining
23:04 Bodkin Arrow
26:18 Town Watch
26:19 Loom
26:56 Bracer
31:25 Ballistics
32:12 Chemistry
32:16 Conscription
TVHG - Harold Barón
9:27 Feudal Age
12:06 Loom
14:30 Castle Age
13:49 Double-Bit Axe
13:48 Horse Collar
14:19 Gold Mining
18:10 Scale Barding Armor
18:16 Forging
18:35 Heavy Plow
19:03 Bloodlines
19:37 Bow Saw
20:21 Chain Barding Armor
21:29 Iron Casting
22:07 Husbandry
23:00 Gold Shaft Mining
27:01 Wheelbarrow
28:59 Hand Cart
TVHG.Ruleman | EX REY
9:31 Feudal Age
10:12 Double-Bit Axe
16:24 Horse Collar
24:44 Castle Age
22:33 Loom
23:37 Gold Mining
24:42 Scale Barding Armor
24:48 Forging
25:18 Bloodlines
26:31 Bow Saw
26:23 Heavy Plow
30:12 Wheelbarrow
31:13 Chain Barding Armor
TVHG.- TheCuervo
10:01 Feudal Age
10:43 Double-Bit Axe
12:24 Fletching
12:34 Padded Archer Armor
16:58 Horse Collar
20:16 Wheelbarrow
22:41 Castle Age
20:55 Gold Mining
20:59 Stone Mining
23:43 Bow Saw
23:33 Bodkin Arrow
22:59 Crossbowman
24:02 Leather Archer Armor
24:49 Hand Cart
25:29 Heavy Plow
27:53 Loom
28:49 Ballistics
29:01 Town Watch
32:05 Thumb Ring
Connection lost

Rejoining the realm…

Still unreachable

The connection could not be restored.

Session expired

The server has moved on; the page needs a fresh start.